Map: Galactic Process LE

Players

viOLet

  • Race: Zerg Zerg

Kelazhur - Winner!

  • Race: Terran Terran

Event: 2016 WCS Summer Circuit Championship (DH Montreal)

VOD

Have the link to the VOD?

Description

Time

  • Played on: Aug. 12, 2016, 8:10 p.m.
  • Length: 13:13

All games in this series

Show
View Real Time Build Order
Export as new Build Order

viOLet Zerg 

Build Orders: Hatch First 

Get SALT Encoding   

  12  0:00  Drone  
  13  0:12  Overlord  
  13  0:17  Drone  
  14  0:31  Drone x2  
  14  0:34  Drone  
  17  0:54  Hatchery  
  17  0:55  Drone  
  17  0:59  Drone  
  18  1:09  Extractor  
  17  1:16  Spawning Pool  
  16  1:19  Drone  
  16  1:23  Drone  
  18  1:35  Drone  
  19  1:42  Drone  
  20  1:51  Overlord  
  20  2:03  Queen  
  20  2:05  Queen  
  20  2:06  Zergling x4  
  26  2:16  Roach Warren  
  26  2:18  Zergling x2  
  26  2:28  Drone  
  27  2:35  Drone x2  
  29  2:37  Overlord  
  29  2:39  Drone  
  29  2:58  Roach x3  
  34  3:07  Roach x2  
  37  3:14  Roach  
  38  3:20  Roach x2  
  38  3:24  Queen  
  41  3:27  Drone  
  41  3:28  Drone  
  41  3:34  Ravager  
  44  3:43  Overlord  
  44  3:48  Overlord  
  44  4:02  Drone x7  
  51  4:06  Ravager  
  51  4:09  Drone x2  
  54  4:16  Overlord  
  54  4:20  Drone  
  52  4:24  Drone  
  52  4:26  Ravager  
  52  4:28  Queen  
  56  4:32  Queen  
  56  4:36  Drone x2  
  60  4:42  Drone x2  
  60  4:43  Drone  
  63  4:51  Roach x2  
  67  4:59  Extractor, Drone x2  
  68  5:01  Overlord  
  68  5:10  Overlord  
  68  5:11  Overlord  
  68  5:14  Evolution Chamber, Metabolic Boost  
  68  5:17  Drone  
  68  5:19  Extractor  
  67  5:25  Roach  
  67  5:27  Zergling x6  
  72  5:31  Drone x4  
  72  5:32  Drone  
  77  5:46  Hatchery, Lair  
  76  5:54  Drone x3  
  76  5:55  Drone  
  80  5:59  Spore Crawler  
  79  6:05  Zerg Ground Armor Level 1  
  79  6:06  Zergling x10  
  84  6:12  Overlord x2  
  84  6:27  Overlord  
  84  6:32  Roach  
  90  6:33  Roach x5  
  96  6:46  Glial Reconstitution  
  96  6:48  Roach x2  
  96  6:49  Roach  
  102  7:02  Roach x4  
  102  7:03  Overlord  
  102  7:04  Overlord x2  
  108  7:09  Roach x2  
  108  7:10  Roach  
  108  7:11  Overlord x2  
  114  7:20  Spore Crawler  
  111  7:25  Roach  
  111  7:26  Roach x2  
  113  7:32  Zergling x2  
  113  7:33  Zergling x8  
  117  7:43  Drone x9  
  113  7:52  Drone  
  113  7:57  Drone x2  
  114  8:03  Drone x2  
  116  8:09  Zerg Ground Armor Level 2  
  116  8:10  Extractor  
  116  8:11  Drone, Overlord  
  116  8:12  Drone  
  117  8:13  Evolution Chamber  
  116  8:20  Drone x4  
  116  8:24  Overlord x2  
  121  8:27  Drone x2  
  121  8:28  Hatchery  
  121  8:30  Drone  
  117  8:34  Drone  
  117  8:35  Drone  
  117  8:38  Drone x2  
  117  8:41  Zerg Melee Weapons Level 1, Extractor  
  112  8:42  Extractor, Roach x2  
  112  8:43  Roach  
  112  8:44  Roach  
  112  8:46  Roach  
  112  8:48  Roach  
  110  8:54  Roach  
  110  8:55  Roach x2  
  102  8:56  Roach  
  102  9:00  Roach  
  102  9:01  Roach  
  94  9:21  Roach x3  
  102  9:31  Roach  
  102  9:32  Roach x3  
  106  9:44  Roach x6  
  118  9:46  Hatchery  
  118  9:49  Roach  
  119  9:54  Roach  
  119  9:56  Roach  
  119  9:59  Roach, Zergling x2  
  110  10:02  Roach  
  110  10:04  Roach  
  110  10:05  Roach  
  99  10:08  Roach  
  99  10:13  Roach  
  92  10:15  Roach  
  92  10:18  Roach, Zergling x4  
  92  10:21  Roach  
  92  10:26  Roach, Zergling x2  
  93  10:30  Hatchery  
  93  10:31  Queen  
  94  10:42  Zergling x8  
  98  10:43  Infestation Pit  
  98  10:48  Ravager  
  98  10:49  Zergling x2  
  100  10:50  Zergling x2  
  100  10:54  Drone  
  101  11:00  Ravager  
  102  11:09  Zergling x10  
  107  11:15  Zergling x2  
  104  11:26  Zergling x6  
  104  11:32  Drone x2  
  97  11:36  Pathogen Glands  
  93  11:40  Zergling x6  
  93  11:46  Queen  
  93  11:47  Queen x2  
  98  11:49  Zergling x10  
  96  12:01  Zergling x2  
  96  12:02  Zergling x8  
  94  12:10  Infestor  
  94  12:11  Zergling x2  
  98  12:15  Zergling x2  
  98  12:16  Zergling x4  
  100  12:27  Zergling x2  
  100  12:28  Zergling x8  
  104  12:32  Ravager  
  105  12:42  Zergling x10  
  109  12:51  Zergling x6  
Show
View Real Time Build Order
Export as new Build Order

Kelazhur Terran - Winner!

Build Orders: MMM Bio 

Get SALT Encoding   

  12  0:00  SCV  
  13  0:12  SCV  
  14  0:17  Supply Depot  
  14  0:24  SCV  
  15  0:38  SCV  
  15  0:40  Barracks  
  16  0:44  Refinery  
  16  0:50  SCV  
  17  0:59  Barracks  
  17  1:03  SCV  
  18  1:15  SCV  
  19  1:20  Barracks  
  19  1:28  Reaper  
  19  1:31  Refinery  
  20  1:45  Orbital Command  
  20  1:51  Reaper  
  21  1:57  Supply Depot  
  21  2:02  Reaper  
  22  2:09  Reaper  
  23  2:19  SCV  
  24  2:23  Supply Depot, Reaper  
  25  2:34  Reaper  
  25  2:35  SCV  
  27  2:41  Reaper  
  28  2:49  SCV  
  29  2:55  Reaper  
  30  3:06  Reaper  
  30  3:09  SCV  
  32  3:13  Reaper  
  33  3:27  Reaper  
  33  3:28  Command Center  
  33  3:31  SCV  
  35  3:36  Supply Depot  
  35  3:38  Reaper  
  36  3:46  Barracks Tech Lab, SCV  
  37  4:00  Barracks Reactor  
  37  4:02  SCV  
  38  4:06  Stimpack  
  38  4:13  Command Center  
  38  4:14  SCV  
  38  4:16  Barracks Reactor  
  39  4:18  Marine  
  39  4:26  SCV  
  39  4:36  Marine  
  39  4:38  Factory  
  40  4:39  SCV  
  40  4:41  Orbital Command  
  40  4:42  Marine  
  40  4:43  Marine  
  43  4:52  Marine x2, SCV  
  44  4:55  Marauder  
  48  5:00  Marine  
  48  5:01  Marine  
  48  5:04  SCV  
  51  5:09  SCV  
  51  5:11  Marine x2  
  54  5:16  Marine, SCV  
  56  5:22  Starport  
  56  5:23  Factory Reactor  
  56  5:26  Supply Depot  
  56  5:27  Orbital Command  
  56  5:31  Marine x2  
  56  5:33  SCV  
  56  5:34  Marine  
  60  5:35  Marine  
  60  5:36  Marine  
  60  5:43  SCV  
  60  5:45  SCV  
  62  5:50  Marine x2  
  62  5:52  Marine  
  62  5:53  Marine  
  62  5:54  Supply Depot  
  62  5:55  SCV  
  62  5:56  SCV  
  68  6:00  Marauder  
  70  6:07  SCV  
  70  6:10  SCV  
  72  6:11  Bunker  
  72  6:12  Medivac x2, Marine  
  72  6:13  Marine  
  72  6:16  SCV  
  72  6:17  Supply Depot, Marine  
  80  6:19  Marine  
  80  6:20  SCV  
  82  6:28  Combat Shields  
  82  6:30  Marine x2  
  82  6:31  Engineering Bay  
  82  6:32  Engineering Bay, SCV  
  85  6:33  SCV x2  
  87  6:42  Marine x3  
  87  6:44  SCV  
  87  6:45  SCV  
  92  6:52  SCV  
  93  6:57  SCV  
  93  6:58  Marine  
  93  6:59  Marine, Marauder  
  93  7:00  Terran Infantry Armor Level 1, Terran Infantry Weapons Level 1  
  98  7:01  Supply Depot  
  98  7:02  SCV  
  98  7:03  Supply Depot  
  98  7:08  Marine, SCV  
  100  7:15  Supply Depot  
  101  7:16  Refinery  
  101  7:17  Refinery  
  101  7:21  Marine  
  101  7:23  Medivac x2, SCV  
  101  7:28  SCV  
  105  7:39  Marine x4  
  105  7:40  SCV  
  109  7:46  Barracks  
  109  7:49  Barracks  
  103  7:52  Marine, Medivac  
  103  7:55  SCV  
  103  7:57  Marine  
  103  7:58  Marauder  
  104  7:59  Marine x2  
  104  8:00  Factory Tech Lab, Concussive Shells  
  104  8:02  SCV x2  
  108  8:06  Refinery  
  108  8:08  Supply Depot, Armory  
  108  8:10  SCV  
  109  8:14  Barracks x2, Marine, SCV x2  
  109  8:15  Barracks  
  112  8:22  Marine x3  
  112  8:23  Marauder, SCV  
  112  8:25  Medivac x2  
  122  8:29  SCV  
  122  8:31  Refinery  
  120  8:41  Marine  
  108  8:45  Marauder  
  108  8:47  Marine, SCV  
  99  8:51  Marine  
  99  8:52  SCV x2  
  94  8:56  Terran Infantry Weapons Level 2  
  94  9:01  SCV  
  95  9:04  SCV x2  
  95  9:06  Medivac x2  
  96  9:13  SCV  
  96  9:14  Marine x4  
  96  9:16  SCV  
  102  9:19  Marine  
  102  9:25  Terran Infantry Armor Level 2  
  102  9:26  Marine  
  102  9:27  SCV x2  
  102  9:28  SCV  
  102  9:29  Marine  
  107  9:34  Marine x2  
  107  9:35  Marine x2  
  107  9:37  Marine  
  111  9:39  Medivac x2, SCV x2  
  111  9:40  SCV  
  118  9:51  SCV x2  
  119  9:53  Marine, Marauder  
  119  9:54  Marine  
  119  9:55  Marine x4  
  123  10:08  Siege Tank  
  123  10:10  Medivac x2  
  123  10:11  Marine  
  123  10:12  Marine x4  
  126  10:19  Marine, Marauder  
  118  10:28  Marine  
  118  10:30  Marine x2  
  118  10:32  Command Center  
  122  10:35  Marine  
  122  10:38  Barracks Reactor  
  122  10:39  Barracks Reactor  
  122  10:41  Marauder  
  126  10:43  Barracks, Siege Tank  
  126  10:44  Barracks  
  126  10:45  Barracks  
  127  10:51  Marine  
  128  10:58  Marine x3  
  128  11:02  Missile Turret, Marauder  
  133  11:05  Terran Vehicle Weapons Level 1  
  133  11:06  Factory  
  133  11:08  Barracks Tech Lab x2  
  133  11:09  Barracks Tech Lab  
  133  11:16  Marine  
  133  11:18  Marine  
  133  11:25  Marine  
  132  11:31  Marauder  
  133  11:33  Marine  
  133  11:36  Marauder  
  133  11:39  Marauder  
  132  11:40  Marine  
  132  11:42  Supply Depot  
  132  11:43  Supply Depot  
  132  11:44  Supply Depot, Siege Tank, Marauder  
  132  11:45  Marine  
  139  11:50  Marine x5  
  139  11:51  Marine  
  145  11:54  Missile Turret  
  145  11:57  Marauder  
  139  12:08  Marine x3  
  139  12:09  Marine x2, Marauder x2  
  139  12:10  Marauder  
  139  12:14  Factory Tech Lab  
  139  12:15  Marine x2  
  152  12:18  Marauder  
  152  12:19  Marine  
  155  12:26  Marine x2  
  156  12:32  Marauder  
  156  12:34  Planetary Fortress, Marauder  
  159  12:39  Marauder  
  159  12:40  Marauder  
  169  12:54  Marine  
  169  12:55  Marine x6  
Tags
 
Add a new tag
Caveats
  • Supply blocks, unpowered buildings, or Contaminate may cause inaccurate times.
  • Supply counts are checked every 10 seconds.